 Dungeon Crawl Stone Soup version 0.27-b1-42-g19c61b19a5 (webtiles) character file.

Game seed: 4476074240746715756

18 frimble the Stinger (level 2, 0/17 HPs)
             Began as an Octopode Venom Mage on July 30, 2021.
             Succumbed to an adder's poison
             ... on level 2 of the Dungeon.
             The game lasted 00:00:41 (1300 turns).

frimble the Stinger (Octopode Venom Mage)           Turns: 1300, Time: 00:00:42

Health: 0/17       AC:  1    Str:  7    XL:     2   Next: 70%
Magic:  4/5        EV: 13    Int: 17    God:
Gold:   14         SH:  0    Dex: 12    Spells: 4/5 levels left

rFire    . . .     SeeInvis .   b - +0 dagger
rCold    . . .     Faith    .   (no shield)
rNeg     . . .     Spirit   .   (helmet restricted)
rPois    .         Reflect  .   (no amulet)
rElec    .         Harm     .   (no ring)
rCorr    .         Rampage  .   (no ring)
Will     .....                  (no ring)
Stlth    +++.......             (no ring)
HPRegen  0.05/turn              (no ring)
MPRegen  0.09/turn              (no ring)
                                (no ring)
                                (no ring)

@: lethally poisoned (0 -> -2)
A: almost no armour, amphibious, 8 rings, camouflage 1, gelatinous body 1,
(nimble swimmer 1), tentacles
a: no special abilities


You were on level 2 of the Dungeon.
You visited 1 branch of the dungeon, and saw 2 of its levels.

You collected 14 gold pieces.

Inventory:

Hand Weapons
 b - a +0 dagger (weapon)


   Skills:
 + Level 2.1 Dodging
 + Level 3.1 Stealth
 + Level 0.2 Unarmed Combat
 + Level 2.2 Spellcasting
 + Level 1.0 Transmutations
 + Level 4.1 Poison Magic


You had 4 spell levels left.
You knew the following spells:

 Your Spells              Type           Power      Damage    Failure   Level
a - Sting                 Tmut/Pois      40%        1d5       7%          1

Your spell library contained the following spells:

 Spells                   Type           Power      Damage    Failure   Level
 Poisonous Vapours        Pois/Air       16%        N/A       12%         2
 Mephitic Cloud           Conj/Pois/Air  6%         N/A       32%         3
 Olgreb's Toxic Radiance  Pois           15%        N/A       34%         4


Dungeon Overview and Level Annotations

Branches:
Dungeon (2/15)

Altars:


Innate Abilities, Weirdness & Mutations

You cannot wear most types of armour.
You are amphibious.
You can wear up to eight rings at the same time.
Your skin changes colour to match your surroundings (Stealth+).
Your rubbery body absorbs attacks. (AC +1, EV +1)
((You are camouflaged near water. (Stealth+)))
You have tentacles for arms and can constrict up to eight enemies at once.


Message History

The adder is severely wounded.
You feel sick. The adder misses you.
You closely miss the adder. You grab the adder.
The adder is severely wounded.
You constrict the adder, but do no damage.
You feel sick. The adder bites you.
You are lethally poisoned!
The adder poisons you!
You are too injured to fight recklessly!
You are too injured to fight recklessly!
You are too injured to fight recklessly!
You are too injured to fight recklessly!
Casting: Sting (safe; 7% risk of failure)
Confirm with . or Enter, or press ? or * to list all spells.
Aiming: Sting (safe; 7% risk of failure)
Press: ? - help, Shift-Dir - straight line, f - adder
Aim: an adder (severely wounded, constricted by you, 90% to hit)
The sting hits the adder.
The adder is poisoned.
The adder is almost dead.
You constrict the adder.
You kill the adder!
* * * LOW HITPOINT WARNING * * *
You feel sick.
Your Stealth skill increases to level 3!
Your Poison Magic skill increases to level 4!
You aren't carrying any potions.
As you read the scroll labelled FIZ EPLOGUOX, it crumbles to dust.
It is a scroll of enchant armour.
You aren't carrying any armour which can be enchanted further.
* * * LOW HITPOINT WARNING * * *
You feel sick.
Unknown command.
* * * LOW HITPOINT WARNING * * *
You feel sick.
* * * LOW HITPOINT WARNING * * *
You feel sick.
Found 11 bolts.
* * * LOW HITPOINT WARNING * * *
You feel sick.
You die...

##### #######
.....##.....##
.............##
.......<......#
..............#
..............#
..............#
.........@....#
..............#
.................
.....#........[..
..##...........
#. #(..........
............
#............


There were no monsters in sight!

Vanquished Creatures
  An adder (D:2)
  A ball python (D:1)
  An endoplasm (D:1)
  A goblin (D:1)
  3 bats (D:1)
  A frilled lizard (D:1)
  3 rats (D:1)
11 creatures vanquished.

Notes
Turn   | Place    | Note
-------+----------+-------------------------------------------
     0 | D:1      | frimble the Octopode Venom Mage began the quest for the
                  | Orb.
     0 | D:1      | Reached XP level 1. HP: 11/11 MP: 3/3
   642 | D:1      | Reached XP level 2. HP: 11/17 MP: 5/5
  1296 | D:2      | Reached skill level 4 in Poison Magic
  1300 | D:2      | Succumbed to an adder's poison

Illustrated notes

Levels and vault maps discovered:
D:1:      minmay_arrival_wavy_path, layout_basic
D:2:      layout_rooms

Skill      XL: |  1  2 |
---------------+-------+-----
Stealth        | 3 |  3.1
Poison Magic   | 4 |  4.1
Dodging        | |  2.1
Unarmed Combat | |  0.2
Spellcasting   | |  2.2
Transmutations | |  1.0

Action                   || total
-------------------------++-------
Melee: Unarmed           ||    26
       Constrict         ||     9
       Tentacles         ||     4
       Dagger            ||     6
 Cast: Sting             ||     5
  Use: Scroll            ||     1
 Stab: Sleeping          ||     2
Armor: Skin              ||     8
Dodge: Dodged            ||    32
